 Dungeon Crawl Stone Soup version 0.29.1-12-g30fa7ad0bf (webtiles) character file.

Game seed: 13992224693584457332

4 ficklo the Ruffian (level 1, -1/17 HPs)
             Began as a Ghoul Gladiator on Jan 3, 2023.
             Slain by a kobold
             ... wielding a +1 whip of electrocution
              (4 damage)
             ... on level 1 of the Dungeon.
             The game lasted 00:02:02 (213 turns).

ficklo the Ruffian (Ghoul Gladiator)                 Turns: 213, Time: 00:02:02

Health: -1/17      AC:  4    Str: 17    XL:     1   Next: 70%
Magic:  0/0        EV: 12    Int:  3    God:
Gold:   3          SH:  0    Dex: 10    Spells: 0/0 levels left

rFire   . . .      SeeInvis .     - Unarmed
rCold   + . .      Faith    .   (no shield)
rNeg    + + +      Spirit   .   a - +0 leather armour
rPois   ∞          Reflect  .   b - +0 helmet
rElec   .          Harm     .   (no cloak)
rCorr   .          Rampage  .   (no gloves)
Will    .....                   (no boots)
Stlth   +.........              (no amulet)
HPRegen 0.00/turn               (no ring)
MPRegen 0.07/turn               (no ring)

@: inhibited regen
A: claws 1, cold resistance 1, negative energy resistance 3, inhibited
regeneration, torment resistance 2, devour on kill
a: no special abilities


You were on level 1 of the Dungeon.
You visited 1 branch of the dungeon, and saw 1 of its levels.

You collected 3 gold pieces.

Inventory:

Hand Weapons
 g - a +0 dagger
 h - a +0 short sword
Missiles
 c - 3 throwing nets (quivered)
 d - a javelin
 e - 4 stones
Armour
 a - a +0 leather armour (worn)
 b - a +0 helmet (worn)
 j - a +0 leather armour
Potions
 f - a potion of berserk rage {unknown}
 i - a potion of invisibility {unknown}


   Skills:
 + Level 2.2 Fighting
 + Level 1.8 Throwing
 + Level 2.9 Dodging
 + Level 3.4 Unarmed Combat


You couldn't memorise any spells.
You didn't know any spells.
Your spell library was empty.

Dungeon Overview and Level Annotations

Branches:
Dungeon (1/15)

Altars:


Innate Abilities, Weirdness & Mutations

You are immune to poison.
You have sharp fingernails.
Your flesh is cold resistant. (rC+)
You are immune to negative energy. (rN+++)
You do not regenerate when monsters are visible.
You are immune to unholy pain and torment.
You thrive by killing the living.


Message History

You scratch the quokka. Your claw misses the quokka.
The quokka is lightly wounded.
The quokka bites you. The hobgoblin misses you.
You claw the quokka!
You kill the quokka!
You feel better. The hobgoblin misses you. The hobgoblin hits you.
You see here a quokka corpse.
The hobgoblin hits you.
A hobgoblin is nearby!
You barely miss the hobgoblin. The hobgoblin completely misses you.
You scratch the hobgoblin.
The hobgoblin is severely wounded.
The hobgoblin hits you but does no damage.
You scratch the hobgoblin.
You kill the hobgoblin!
There are no items here.
You see here a quokka corpse.
There are no objects that can be picked up here. a quokka corpse
i - a glowing pink potion
There are no items here.
You see here a +0 leather armour.
j - a +0 leather armour No target in view!
Unknown command.
No target in view!
HP restored.
Found a hand axe. 2 kobolds come into view.
A kobold is wielding a +1 whip of electrocution.
The kobold shouts! x2; You hear a shout!
The kobold attacks as you move away!
The kobold hits you with a +1 whip of electrocution.
You are electrocuted!
Ouch! That really hurt!
* * * LOW HITPOINT WARNING * * *
You closely miss the kobold.
The kobold hits you with a +1 whip of electrocution.
You die...

####.##.# ##.##.## .#
###......##### ##.###
#......†.....# .....#
#.#........#.#####..(..#
#.##...................#
# #.......######...)..#
#.#...########......#
#...........@K..#
...#############K.# .#.
#..# #. .#... # ....
##.## .# .#


You could see 2 kobolds.

Vanquished Creatures
  A goblin (D:1)
  A hobgoblin (D:1)
  A quokka (D:1)
  A kobold (D:1)
4 creatures vanquished.

Notes
Turn   | Place    | Note
-------+----------+-------------------------------------------
     0 | D:1      | ficklo the Ghoul Gladiator began the quest for the Orb.
     0 | D:1      | Reached XP level 1. HP: 17/17 MP: 0/0
   213 | D:1      | Slain by a kobold

Illustrated notes

Levels and vault maps discovered:
D:1:      dpeg_arrival_rhombi, layout_loops_ring,
          ebering_ecumenical_altar_sacrificial

Action                   || total
-------------------------++-------
Melee: Unarmed           ||    10
Armor: Leather armour    ||     3
Dodge: Dodged            ||     3
